 Dungeon Crawl Stone Soup version 0.30-a0-778-g2ef04afb54 (webtiles) character file.

Game seed: 12488660026440451008

45 Leeroy the Slasher (level 3, 0/18 HPs)
             Began as a Vine Stalker Warper on Feb 16, 2023.
             Slain by a worm (6 damage)
             ... on level 2 of the Dungeon.
             The game lasted 00:00:53 (627 turns).

Leeroy the Slasher (Vine Stalker Warper)             Turns: 627, Time: 00:00:54

Health: 0/18       AC:  4    Str: 13    XL:     3   Next: 64%
Magic:  0/7        EV: 11    Int: 13    God:
Gold:   20         SH:  5    Dex: 15    Spells: 4/6 levels left

rFire   . . .      SeeInvis .    a - +0 falchion
rCold   . . .      Faith    .    (no shield)
rNeg    . . .      Spirit   +    b - +0 leather armour
rPois   .          Reflect  +    (no helmet)
rElec   .          Harm     .    (no cloak)
rCorr   .          Rampage  .    (no gloves)
Will    .....                    f - +0 pair of boots
Stlth   +                        e - amulet of reflection
HPRegen 0.23/turn                (no ring)
MPRegen 0.10/turn                (no ring)

@: no status effects
A: fangs 2, magic shield, antimagic bite, no potion heal 2
a: no special abilities


You were on level 2 of the Dungeon.
You visited 1 branch of the dungeon, and saw 2 of its levels.

You collected 20 gold pieces.

Inventory:

Hand Weapons
 a - a +0 falchion (weapon)
Missiles
 d - 7 boomerangs of dispersal (quivered)
Armour
 b - a +0 leather armour (worn)
 f - a +0 pair of boots (worn)
Jewellery
 e - an amulet of reflection (around neck)
Scrolls
 c - a scroll of blinking
 g - a scroll of fog {unknown}
 h - a scroll of identify {unknown}
Potions
 i - a potion of curing {unknown}


   Skills:
 - Level 1.7 Fighting
 + Level 3.5 Long Blades
 - Level 0.8 Throwing
 - Level 0.7 Armour
 - Level 1.5 Dodging
 - Level 2.1 Spellcasting
 - Level 3.0 Translocations


You had 4 spell levels left.
You knew the following spells:

 Your Spells              Type           Power      Damage    Failure   Level
a - Blink                 Tloc           18%        N/A       14%         2

Your spell library contained the following spells:

 Spells                   Type           Power      Damage    Failure   Level
 Lesser Beckoning         Tloc           18%        N/A       14%         2
 Teleport Other           Tloc           9%         N/A       28%         3
 Vhi's Electric Charge    Tloc/Air       10%        N/A       45%         3
 Manifold Assault         Tloc           9%         N/A       67%         4


Dungeon Overview and Level Annotations

Branches:
Dungeon (2/15)

Altars:

Annotations:
D:2 Terence


Innate Abilities, Weirdness & Mutations

You have extremely sharp teeth.
When hurt, damage is shared between your health and your magic reserves.
Your bite disrupts and absorbs the magic of your enemies.
Potions cannot restore your health.


Message History

As you open the door, it creaks loudly!
There is an open door here.
Done exploring.
No target in view!
No target in view!
There is a stone staircase leading down here.
You climb downwards.
Found a book of the Sky.
There is a stone staircase leading up here.
A quokka and a worm come into view.
You see here a book of the Sky.
There are monsters nearby!
Terence the Incautious comes into view.
He is wielding a +0 hand axe.
The helpless quokka fails to defend itself.
You slash the quokka!
You kill the quokka!
Terence shouts!
You see here a quokka corpse.
Terence barely misses you.
You hit Terence but do no damage. Terence hits you with a +0 hand axe.
You hit Terence.
Terence is lightly wounded.
You block Terence's attack.
You hit Terence but do no damage.
Terence is lightly wounded.
Terence hits you with a +0 hand axe.
You closely miss Terence.
Terence is lightly wounded.
Terence hits you with a +0 hand axe.
You barely miss Terence.
Terence is lightly wounded.
Terence hits you with a +0 hand axe!
You are too injured to fight recklessly!
You are too injured to fight recklessly!
You are too injured to fight recklessly!
You are too injured to fight recklessly!
Terence attacks as you move away! Terence hits you but does no damage.
You see here a quokka corpse.
The worm bites you!
You die...

..#### #.......###
....... #..........
....... #.........
..?....##.......###
........#..........
........#.......###
........#..........
........w@#########
.....#:#@...# ...
#.#.##.# . #.#.# #
#.#.# +...# #<#.#
###.# ..+


You could see Terence and a worm.

Vanquished Creatures
  A gnoll (D:1)
  2 dart slugs (D:1)
  A ball python (D:1)
  6 bats (D:1)
  An endoplasm (D:1)
  3 goblins (D:1)
  2 hobgoblins (D:1)
  5 jackals (D:1)
  A quokka (D:2)
  A frilled lizard (D:1)
  3 kobolds (D:1)
  3 rats (D:1)
29 creatures vanquished.

Notes
Turn   | Place    | Note
-------+----------+-------------------------------------------
     0 | D:1      | Leeroy the Vine Stalker Warper began the quest for the Orb.
     0 | D:1      | Reached XP level 1. HP: 11/11 MP: 4/4
    74 | D:1      | Reached XP level 2. HP: 15/15 MP: 4/6
   203 | D:1      | Learned a level 2 spell: Blink
   233 | D:1      | Reached XP level 3. HP: 9/18 MP: 4/7
   615 | D:2      | Noticed Terence
   627 | D:2      | Slain by a worm

Illustrated notes

Levels and vault maps discovered:
D:1:      dpeg_arrival_line_fractal, layout_basic
D:2:      layout_basic, cheibrodos_gnoll_hut, uniq_terence, uniq_jessica,
          uniq_natasha

Skill      XL: |  1  2 |
---------------+-------+-----
Long Blades    | 2 3 |  3.5
Fighting       | |  1.7
Throwing       | |  0.8
Armour         | |  0.7
Dodging        | |  1.5
Spellcasting   | |  2.1
Translocations | |  3.0

Action                     || total
---------------------------++-------
  Melee: Falchion          ||    85
         Bite              ||    17
         Punch             ||     1
   Stab: Sleeping          ||     2
 Armour: Leather armour    ||    39
  Dodge: Dodged            ||    84
  Block: Other             ||    22

Table legend: (Time is in decaauts)
 A = Elapsed time spent in this place.
 B = Non-inter-level travel time spent in this place.
 C = Inter-level travel time spent in this place.
 D = Time resting spent in this place.
 E = Time spent auto-exploring this place.
 F = Levels seen in this place.
 G = Mean time per level.
                   A        B        C        D        E       F      G
               +--------+--------+--------+--------+--------+-----+--------+
         Total |    640 |    620 |     20 |      0 |    444 |   2 |  320.0 |
       Dungeon |    640 |    620 |     20 |      0 |    444 |   2 |  320.0 |
               +--------+--------+--------+--------+--------+-----+--------+

Top non-repeatable levels by time:
     D:1: 622 daAuts
     D:2: 18 daAuts
